 Dungeon Crawl Stone Soup version 0.29.1-1-gd02db6906a (webtiles) character file.

Game seed: 8130022232925796094

1325 djungelvrl the Cleaver (level 8, -6/64 HPs)
             Began as a Minotaur Berserker on Oct 3, 2022.
             Was a Priest of Trog.
             Mangled by an orc warrior
             ... wielding a +0 hand axe
              (13 damage)
             ... on level 6 of the Dungeon on Oct 4, 2022.
             The game lasted 00:35:51 (7924 turns).

djungelvrl the Cleaver (Minotaur Berserker)         Turns: 7924, Time: 00:35:52

Health: -6/64      AC: 11    Str: 24    XL:     8   Next: 34%
Magic:  7/7        EV: 11    Int:  4    God:    Trog [***...]
Gold:   323        SH:  0    Dex: 10    Spells: 7/7 levels left

rFire   . . .      SeeInvis .   C - +2 hand axe (vorpal)
rCold   + . .      Faith    .   (no shield)
rNeg    . . .      Spirit   .   E - +2 ring mail {rC+}
rPois   .          Reflect  .   (helmet restricted)
rElec   .          Harm     .   (no cloak)
rCorr   .          Rampage  .   B - +2 pair of gloves
Will    .....                   e - +0 pair of boots
Stlth   ..........              (no amulet)
HPRegen 0.20/turn               (no ring)
MPRegen 0.10/turn               (no ring)

@: on berserk cooldown, slowed, very slow
A: horns 2, retaliatory headbutt
a: Renounce Religion, Berserk, Trog's Hand


You were on level 6 of the Dungeon.
You worshipped Trog.
Trog was most pleased with you.
You visited 2 branches of the dungeon, and saw 8 of its levels.

You collected 323 gold pieces.

Inventory:

Hand Weapons
 C - a +2 vorpal hand axe (weapon)
Missiles
 c - 40 stones
 w - 5 boomerangs
 z - 3 javelins (quivered)
Armour
 e - a +0 pair of boots (worn)
 B - a +2 pair of gloves (worn)
 E - a +2 ring mail of cold resistance (worn)
Jewellery
 n - a +6 ring of strength
 r - a ring of ice
 t - a ring of protection from fire
Scrolls
 b - a scroll of fear {unknown}
 g - 7 scrolls of identify {unknown}
 h - 3 scrolls of noise {unknown}
 j - 2 scrolls of magic mapping {unknown}
 o - 4 scrolls of teleportation {unknown}
 q - a scroll of amnesia {unknown}
 y - a scroll of summoning {unknown}
 D - a scroll of enchant armour {unknown}
Potions
 a - a potion of degeneration {unknown}
 d - 2 potions of magic {unknown}
 f - 4 potions of mutation {unknown}
 i - 2 potions of brilliance {unknown}
 k - 2 potions of haste {unknown}
 l - 2 potions of attraction {unknown}
 m - a potion of might {unknown}
 p - 2 potions of flight {unknown}
 s - 2 potions of resistance {unknown}
 u - 2 potions of ambrosia {unknown}
 v - 2 potions of curing {unknown}
 x - a potion of invisibility {unknown}
 A - a potion of lignification {unknown}


   Skills:
 - Level 3.6 Fighting
 + Level 12.6 Axes
 - Level 2.4 Armour
 - Level 2.1 Dodging


You had 7 spell levels left.
You didn't know any spells.
Your spell library contained the following spells:

 Spells                   Type           Power      Damage    Failure   Level
 Apportation              Tloc           0%         N/A       65%         1
 Necrotise                Necr           0%         1d4       65%         1
 Summon Small Mammal      Summ           0%         N/A       65%         1
 Dazzling Flash           Conj/Hex       0%         N/A       95%         3
 Cause Fear               Hex            0%         N/A       100%        4
 Iskenderun's Mystic Bla  Conj/Tloc      0%         2d3       100%        4
 Starburst                Conj/Fire      0%         6d3       100%        6
 Dragon Form              Tmut           0%         N/A       100%        7
 Dragon's Call            Summ           0%         N/A       100%        9


Dungeon Overview and Level Annotations

Branches:
Dungeon (7/15)             Temple (1/1) D:4

Altars:
Ashenzari
Cheibriados
Dithmenos
Elyvilon
Fedhas
Gozag
Kikubaaqudgha
Makhleb
Nemelex Xobeh
Okawaru
Qazlal
Ru
Trog
Uskayaw
Vehumet
Xom
Yredelemnul
Zin
The Shining One

Shops:
D:2 [   D:4 *[


Innate Abilities, Weirdness & Mutations

You have a pair of horns on your head.
You reflexively headbutt those who attack you in melee.


Message History

The orc wizard is heavily wounded.
The orc wizard gestures at you while chanting.
The puff of flame misses you.
You closely miss the orc wizard.
The orc wizard is heavily wounded.
The orc wizard barely misses you.
You hit the orc wizard. You headbutt the orc wizard.
You kill the orc wizard!
Trog accepts your kill.
Trog appreciates your killing of a magic user.
You slash the orc!
You kill the orc!
Trog accepts your kill.
You start resting.
An orc is nearby!
Something hits you.
* * * LOW HITPOINT WARNING * * *
Throw: 4 javelins
Press: ? - help, Q - select action, (/) - cycle Shift-Dir - straight line, f - orc warrior
Aim: an orc warrior, wielding a +0 hand axe and wearing a +0 plate armour (56% to hit)
You throw a javelin.
The javelin closely misses the orc warrior.
Something hits you but does no damage. Something hits you.
* * * LOW HITPOINT WARNING * * *
Something hits you but does no damage. Something hits you but does no damage.
The orc warrior attacks as you move away!
The orc warrior barely misses you. You furiously retaliate!
You headbutt the orc warrior, but do no damage.
The orc warrior hits you with a +0 hand axe!
* * * LOW HITPOINT WARNING * * *
The orc warrior attacks as you move away!
The orc warrior closely misses you.
The orc warrior hits you but does no damage.
The orc warrior hits you with a +0 hand axe.
* * * LOW HITPOINT WARNING * * *
An orc wizard appears from thin air!
Reactivating autopickup.
The orc warrior hits you with a +0 hand axe!
You die...

#.8..o8.##..[.#.....#
#....)..#.o...#.###.##
#.......##o...#......#
# #oo..........# #
#.##########.###
########
#o.....#.......#
'......#
#......'......>#
####.###
#.o....#...#.#.#
.....#
#@.....#....[#.#
.....#
#......#.#.###.#
.....# #......#.#.#
#.# .....#
#......#.#.# #.#
...#.##
##########...#.# #.#
......#
#....#####.###.# #.#
#.....##
#.......##.....# #.#
#......#
#.......##########.#
...#'#.# #.......#
#....#


You could see an orc warrior, 2 orc wizards and 3 orcs.

Vanquished Creatures
  2 water moccasins (D:6)
  An ice beast (D:6)
  An ogre (D:5)
  A centaur (D:5)
  2 necrophages (D:5)
  A bullfrog (D:6)
  3 scorpions
  A killer bee (D:6)
  4 jellies
  3 hounds
  An orc priest (D:6)
  An orc wizard (D:6)
  10 adders
  An ufetubus (D:6)
  2 worms (D:2)
  A dart slug (D:1)
  16 orcs
  7 bats
  6 endoplasms
  2 giant cockroaches (D:1)
  7 hobgoblins
  6 jackals (D:4)
  7 kobolds
  3 quokkas
  7 ball pythons
  4 frilled lizards
  7 goblins
  2 rats (D:2)
109 creatures vanquished.

Vanquished Creatures (others)
  4 plants (D:3)
4 creatures vanquished.

Grand Total: 113 creatures vanquished

Notes
Turn   | Place    | Note
-------+----------+-------------------------------------------
     0 | D:1      | djungelvrl the Minotaur Berserker began the quest for the
                  | Orb.
     0 | D:1      | Reached XP level 1. HP: 19/19 MP: 0/0
   277 | D:1      | Reached skill level 4 in Axes
   459 | D:1      | Reached XP level 2. HP: 25/26 MP: 1/1
   705 | D:1      | Found a faded altar of an unknown god.
   846 | D:1      | You fall into a shaft and drop 1 floor!
   869 | D:2      | Reached skill level 5 in Axes
  1162 | D:2      | Reached XP level 3. HP: 31/31 MP: 2/2
  1734 | D:2      | Reached ** piety under Trog
  2026 | D:2      | Noticed a scorpion
  2029 | D:2      | Killed a scorpion
  2030 | D:2      | Reached skill level 6 in Axes
  2030 | D:2      | Reached XP level 4. HP: 39/39 MP: 3/3
  2189 | D:2      | Found Nuzejexe's Armour Boutique.
  2401 | D:2      | Reached XP level 5. HP: 45/45 MP: 4/4
  2727 | D:3      | Reached skill level 7 in Axes
  4324 | D:4      | Reached skill level 8 in Axes
  4324 | D:4      | Reached XP level 6. HP: 44/51 MP: 5/5
  4682 | D:4      | Found a sacrificial altar of Ru.
  4696 | D:4      | Found Unetem's Antique Armour Shoppe.
  4732 | D:4      | Found Memag's Gadget Gallery.
  5125 | D:4      | Found a staircase to the Ecumenical Temple.
  5133 | Temple   | Entered the Ecumenical Temple
  5475 | D:5      | Entered Level 5 of the Dungeon
  5672 | D:5      | Reached skill level 9 in Axes
  5836 | D:5      | Reached XP level 7. HP: 56/57 MP: 6/6
  5912 | D:5      | Reached skill level 10 in Axes
  6043 | D:5      | You fall into a shaft and drop 2 floors!
  6228 | D:6      | Found a runed translucent door.
  6351 | D:6      | Reached skill level 11 in Axes
  6721 | D:6      | Reached XP level 8. HP: 64/64 MP: 7/7
  7371 | D:5      | Reached skill level 12 in Axes
  7600 | D:6      | Reached *** piety under Trog
  7924 | D:6      | Mangled by an orc warrior

Illustrated notes

Levels and vault maps discovered:
D:1:      dpeg_arrival_renting, layout_loops_corners,
          shapermc_ecumenical_altar_venn
D:2:      kennysheep_big_flooded_room, layout_loops_corners, serial_shops,
          nicolae_shop_waterfront
D:3:      layout_basic, chequers_big_river
D:4:      layout_cave_pods, hangedman_ru_absence, minmay_temple_entry_fiery,
          serial_shops, shop, nicolae_shop_gadgets
D:5:      layout_basic
D:6:      layout_basic, lightli_church_of_beogh
D:7:      cheibrodos_wizards_tower, layout_cave_pools,
          chequers_temple_overflow_statue_of_worship, nicolae_grassy_gnolls,
          uniq_pikel
Temple:   nicolae_temple_two_arcs

Skill      XL: |  1  2  3  4  5  6  7  8 |
---------------+-------------------------+-----
Axes           | 4 5 6 8 9 11 12 | 12.6
Fighting       | |  3.6
Armour         | |  2.4
Dodging        | |  2.1

Action                   |  1- 3 |  4- 6 |  7- 9 || total
-------------------------+-------+-------+-------++-------
Melee: Hand axe          |    72 |   107 |    71 ||   250
       Headbutt          |     8 |    20 |     8 ||    36
       Punch             |       |     1 |       ||     1
Throw: Boomerang         |       |     5 |       ||     5
       Stone             |       |     3 |       ||     3
       Javelin           |       |     7 |    13 ||    20
Invok: Berserk           |       |       |     2 ||     2
Armor: Animal skin       |    21 |    16 |    10 ||    47
       Ring mail         |       |       |    25 ||    25
Dodge: Dodged            |    60 |    63 |    58 ||   181
